 Dungeon Crawl Stone Soup version 0.26-a0-227-g1af32d979d (webtiles) character file.

Game seed: 1301134397213092225

8 BeastOfSaturn the Grasshopper (level 2, 0/27 HPs)
             Began as a Naga Warper on July 7, 2020.
             Slain by a jackal (1 damage)
             ... on level 1 of the Dungeon.
             The game lasted 00:01:08 (259 turns).

BeastOfSaturn the Grasshopper (Naga Warper)          Turns: 259, Time: 00:01:08

Health: 0/27       AC:  3    Str: 13    XL:     2   Next: 8%
Magic:  5/5        EV:  8    Int: 13    God:
Gold:   22         SH:  0    Dex: 10    Spells: 5/5 levels left

rFire    . . .     SeeInvis +   a - +0 spear
rCold    . . .     Faith    .   (no shield)
rNeg     . . .     Spirit   .   g - +0 ring mail
rPois    +         Reflect  .   (no helmet)
rElec    .         Harm     .   (no cloak)
rCorr    .                      (no gloves)
MR       .....                  (no barding)
Stlth    ..........             (no amulet)
HPRegen  0.09/turn              (no ring)
MPRegen  0.09/turn              (no ring)

@: very slow
A: large, see invisible, deformed body, poison resistance, slowness 2, slow
metabolism 1, spit poison 1, AC +0
a: Spit Poison


You were on level 1 of the Dungeon.
You were not hungry.

You visited 1 branch of the dungeon, and saw 1 of its levels.

You collected 22 gold pieces.

Inventory:

Hand Weapons
 a - a +0 spear (weapon)
Missiles
 e - 5 boomerangs of dispersal (quivered)
Armour
 b - a +0 leather armour
 g - a +0 ring mail (worn)
Jewellery
 i - an uncursed amulet of faith
Scrolls
 d - a scroll of blinking
 j - a scroll of identify {unknown}
Potions
 c - 3 potions of mutation {unknown}
 h - a potion of brilliance {unknown}
Comestibles
 f - 2 rations


   Skills:
 * Level 2.3 Fighting
 * Level 2.4 Polearms
 - Level 0.8 Throwing
 - Level 0.7 Armour
 - Level 1.5 Dodging
 - Level 2.0 Spellcasting
   Level 3.0 Translocations


You had 5 spell levels left.
You didn't know any spells.
Your spell library contained the following spells:

 Spells                   Type           Power        Failure   Level
 Blink                    Tloc           N/A          24%         2
 Shroud of Golubria       Chrm/Tloc      #.....       41%         2
 Gell's Gravitas          Tloc           #.........   43%         3
 Lesser Beckoning         Tloc           #.........   43%         3
 Teleport Other           Tloc           #.......     43%         3
 Passage of Golubria      Tloc           N/A          83%         4


Dungeon Overview and Level Annotations

Branches:
Dungeon (1/15)

Altars:


Innate Abilities, Weirdness & Mutations

You cannot wear boots.
Your serpentine skin is tough. (AC +0)
You have supernaturally acute eyesight. (SInv)
Armour fits poorly on your strangely shaped body.
Your system is resistant to poisons. (rPois)
You cover ground very slowly.
You have a slow metabolism.
You can spit poison.


Message History

The jackal closely misses you.
You hit the jackal.
The jackal is severely wounded.
The jackal bites you.
* * * LOW HITPOINT WARNING * * *
A rat comes into view.
Your ring mail prevents you from hitting the jackal.
The jackal is severely wounded.
The jackal completely misses you.
A frilled lizard comes into view.
The jackal bites you but does no damage.
You miss the jackal.
The jackal is severely wounded.
The frilled lizard hisses angrily.
The jackal closely misses you.
You closely miss the jackal.
The jackal is severely wounded.
The jackal bites you but does no damage.
The jackal bites you.
You die...

#..........# #..# ###.
#.[........# #).# ##...
#########..#######..###..##
##............#.###
####...###.....##>
###.#.....#.####.
##...####..#.# .. #..###
#..... .## #@## #.#.... ###
#h# ###.....##
#.?###S##.......##.#
#...hKb..#. ### .#
#$...r....... .
###?.#####.## ...# # K#...
.S#....


You could see 2 jackals, a bat, a ball python, a kobold and a rat.

Vanquished Creatures
  2 goblins (D:1)
  2 jackals (D:1)
  A bat (D:1)
  A frilled lizard (D:1)
  A kobold (D:1)
  2 rats (D:1)
9 creatures vanquished.

Notes
Turn   | Place    | Note
-------+----------+-------------------------------------------
     0 | D:1      | BeastOfSaturn the Naga Warper began the quest for the Orb.
     0 | D:1      | Reached XP level 1. HP: 19/19 MP: 3/3
   250 | D:1      | Reached XP level 2. HP: 7/26 MP: 5/5
   256 | D:1      | HP: 1/27 [jackal (1)]
   259 | D:1      | Slain by a jackal

Illustrated notes

Levels and vault maps discovered:
D:1:      wander_arrival_desolate, layout_rooms, minmay_pentomino_v4

Action                   || total
-------------------------++-------
Melee: Spear             ||    31
 Abil: Spit Poison       ||     1
Armor: Ring mail         ||     4
       Leather armour    ||     1
Dodge: Dodged            ||    12

Table legend:
 A = Non-vault XP
 B = Vault XP
 C = Vault XP percentage of total XP
 D = Non-vault monster count
 E = Vault monster count
 F = Vault count percentage of total count
                 A         B        C        D         E       F
            +---------+---------+-------+---------+---------+-------
      Total |      12 |       0 |   0.0 |       9 |       0 |   0.0
            +---------+---------+-------+---------+---------+-------
        D:1 |      12 |       0 |   0.0 |       9 |       0 |   0.0
            +---------+---------+-------+---------+---------+-------
